 Dungeon Crawl Stone Soup version 0.27-a0-385-g3208abaabc (webtiles) character file.

Game seed: 1851970043102321469

1265 sahdkjhfkaj the Spear-Bearer (level 8, -3/58 HPs)
             Began as a Merfolk Berserker on Feb 18, 2021.
             Was a Believer of Trog.
             Slain by a scorpion (7 damage)
             ... on level 6 of the Dungeon.
             The game lasted 00:04:57 (2934 turns).

sahdkjhfkaj the Spear-Bearer (Merfolk Berserker)    Turns: 2934, Time: 00:04:58

Health: -3/58      AC:  9    Str: 19    XL:     8   Next: 52%
Magic:  8/8        EV:  8    Int:  7    God:    Trog [**....]
Gold:   65         SH:  0    Dex: 13    Spells: 7/7 levels left

rFire    . . .     SeeInvis +   a - +0 scythe
rCold    . . .     Faith    .   (shield currently unavailable)
rNeg     . . .     Spirit   .   f - +0 chain mail
rPois    .         Reflect  .   c - +0 helmet
rElec    .         Harm     .   (no cloak)
rCorr    .         Rampage  .   (no gloves)
Will     ++...                  (no boots)
Stlth    ..........             (no amulet)
HPRegen  1.19/turn              i - ring of see invisible
MPRegen  0.11/turn              (no ring)

@: lethally poisoned (-3 -> -3), berserk cooldown, regenerating, slowed, very
slow
A: change form in water, swift swim, stealthy swim
a: Renounce Religion, Berserk, Trog's Hand


You were on level 6 of the Dungeon.
You worshipped Trog.
Trog was pleased with you.
You visited 1 branch of the dungeon, and saw 6 of its levels.

You collected 65 gold pieces.

Inventory:

Hand Weapons
 a - a +0 scythe (weapon)
Armour
 c - a +0 helmet (worn)
 f - a +0 chain mail (worn)
Jewellery
 i - a ring of see invisible (left hand)
Scrolls
 b - 2 scrolls of fog
 d - a scroll of enchant armour
Potions
 e - a potion of might {@q4}
 k - 2 potions of magic


   Skills:
 - Level 3.2 Fighting
 + Level 14.1 Polearms
 - Level 1.3 Armour
 - Level 2.6 Dodging


You had 7 spell levels left.
You didn't know any spells.
Your spell library was empty.

Dungeon Overview and Level Annotations

Branches:
Dungeon (6/15)
 Temple: D:4-7

Altars:
Ashenzari


Message History

The scorpion stings you.
* * * LOW HITPOINT WARNING * * *
You are poisoned.
The scorpion poisons you! The scorpion barely misses you.
Unknown command.
You feel sick.
You feel the effects of Trog's Hand fading.
You feel sick.
The scorpion stings you but does no damage.
Okay, then.
Okay, then.
Okay, then.
You feel sick.
You feel sick. The scorpion barely misses you.
Your skin stops crawling.
You feel less strong-willed.
Unknown command.
You feel sick.
You feel sick. The scorpion completely misses you.
You feel sick.
The scorpion stings you but does no damage.
The scorpion closely misses you.
You feel sick.
The scorpion stings you but does no damage.
The sky beast flickers out of sight for a moment.
The scorpion stings you.
* * * LOW HITPOINT WARNING * * *
You are lethally poisoned!
The scorpion poisons you!
* * * LOW HITPOINT WARNING * * *
You feel sick.
Okay, then.
Okay, then.
* * * LOW HITPOINT WARNING * * *
You feel sick. The scorpion closely misses you.
Your skin crawls.
You feel strong-willed.
You feel sick. The scorpion stings you.
* * * LOW HITPOINT WARNING * * *
You feel sick. The scorpion stings you!
You die...

###..#..#####.....#..#
##..##..# #รท....#..#
##..##..# ##)..##.###
...###..# #....##..#
...# #.## ##....###.#
..## #.# #......##.##
..####.# ##...##.###.#
.......###..####...###
####.......## #@### #
#......## ##s#
##..##..#####Y##
##...##......#o#
#...###........#
##...##...#.....##
#....##..###..##.###
.....#...##..####.o#
....(#......## ##.#


You could see a sky beast (invisible), a scorpion and an orc.

Vanquished Creatures
  Prince Ribbit (D:5)
  Edmund (D:6)
  A black bear (D:6)
  An orc warrior (D:6)
  2 centaurs
  A bullfrog (D:6)
  A bullfrog zombie (D:6)
  4 hounds (D:6)
  An orc priest (D:3)
  2 bullfrog skeletons
  An iguana (D:4)
  Terence (D:2)
  4 worker ants
  A howler monkey skeleton (D:4)
  3 gnolls (D:5)
  3 adders
  A river rat (D:5)
  A shadow imp (D:5)
  An ufetubus (D:5)
  An ooze (D:3)
  A worm (D:2)
  11 orcs
  A ball python (D:5)
  4 giant cockroaches
  A goblin (D:1)
  2 hobgoblins (D:3)
  9 jackals
  5 quokkas
  3 bats
  3 frilled lizards
  2 kobolds
  A rat (D:5)
75 creatures vanquished.

Vanquished Creatures (others)
  10 toadstools (D:4)
10 creatures vanquished.

Grand Total: 85 creatures vanquished

Notes
Turn   | Place    | Note
-------+----------+-------------------------------------------
     0 | D:1      | sahdkjhfkaj the Merfolk Berserker began the quest for the
                  | Orb.
     0 | D:1      | Reached XP level 1. HP: 18/18 MP: 1/1
    85 | D:2      | Reached skill level 5 in Polearms
   112 | D:2      | Reached XP level 2. HP: 24/24 MP: 2/2
   112 | D:2      | Noticed Terence
   120 | D:2      | Killed Terence
   121 | D:2      | Reached skill level 6 in Polearms
   121 | D:2      | Reached XP level 3. HP: 29/29 MP: 3/3
   363 | D:3      | Found a faded altar of an unknown god.
   374 | D:3      | Reached ** piety under Trog
   384 | D:3      | Reached skill level 7 in Polearms
   384 | D:3      | Reached XP level 4. HP: 35/35 MP: 4/4
   519 | D:4      | Reached skill level 8 in Polearms
   519 | D:4      | Reached XP level 5. HP: 34/41 MP: 5/5
   839 | D:5      | Entered Level 5 of the Dungeon
   839 | D:5      | Found a sand-covered staircase.
   841 | D:5      | Noticed Prince Ribbit
   856 | D:5      | Killed Prince Ribbit
   857 | D:5      | Reached skill level 10 in Polearms
   857 | D:5      | Reached XP level 6. HP: 47/47 MP: 6/6
  1166 | D:5      | Reached XP level 7. HP: 36/52 MP: 7/7
  1267 | D:5      | Reached skill level 11 in Polearms
  1516 | D:5      | Found a broken altar of Ashenzari.
  2158 | D:6      | Reached skill level 12 in Polearms
  2308 | D:6      | Noticed Edmund
  2324 | D:6      | Killed Edmund
  2325 | D:6      | Reached XP level 8. HP: 31/58 MP: 8/8
  2348 | D:6      | Reached skill level 13 in Polearms
  2908 | D:6      | Reached skill level 14 in Polearms
  2934 | D:6      | Slain by a scorpion

Illustrated notes

Levels and vault maps discovered:
D:1:      matt_arrival_refuge, layout_basic
D:2:      layout_loops_ring, feat_on_display, uniq_terence,
          uniq_crazy_yiuf_cottage, uniq_sigmund
D:3:      layout_loops_ring, chequers_ecumenical_altar_simple
D:4:      cheibrodos_fertilizer, layout_loops_ring, minitemple, serial_shops,
          nicolae_shop_stone
D:5:      layout_loops_ring, evilmike_ruin_ashenzari, portal_sewer_entry_b,
          nicolae_ossuary_entry_monument, uniq_prince_ribbit1
D:6:      layout_layer_cave, lemuel_statue_altar, uniq_pikel,
          uniq_blork_the_orc, uniq_edmund

Skill      XL: |  1  2  3  4  5  6  7  8 |
---------------+-------------------------+-----
Polearms       | 5 6 7 8 10 12 14 | 14.1
Fighting       | |  3.2
Armour         | |  1.3
Dodging        | |  2.6

Action                   |  1- 3 |  4- 6 |  7- 9 || total
-------------------------+-------+-------+-------++-------
Melee: Spear             |    70 |   122 |     9 ||   201
       Scythe            |       |       |   141 ||   141
Invok: Berserk           |     1 |     1 |     4 ||     6
       Trog's Hand       |       |       |     3 ||     3
  Use: Scroll            |     3 |       |     3 ||     6
       Potion            |       |       |     4 ||     4
 Stab: Sleeping          |     2 |       |       ||     2
       Distracted        |       |       |     1 ||     1
Armor: Animal skin       |     4 |       |       ||     4
       Chain mail        |    12 |    29 |   111 ||   152
       Skin              |       |       |     9 ||     9
Dodge: Dodged            |    41 |    21 |   112 ||   174

Table legend: (Time is in decaauts)
 A = Elapsed time spent in this place.
 B = Non-inter-level travel time spent in this place.
 C = Inter-level travel time spent in this place.
 D = Time resting spent in this place.
 E = Time spent auto-exploring this place.
 F = Levels seen in this place.
 G = Mean time per level.
                   A        B        C        D        E       F      G
               +--------+--------+--------+--------+--------+-----+--------+
         Total |   2969 |   2916 |     53 |     41 |   2278 |   6 |  494.8 |
       Dungeon |   2969 |   2916 |     53 |     41 |   2278 |   6 |  494.8 |
               +--------+--------+--------+--------+--------+-----+--------+

Top non-repeatable levels by time:
     D:5: 1163 daAuts
     D:6: 990 daAuts
     D:4: 380 daAuts
     D:2: 198 daAuts
     D:3: 177 daAuts
     D:1: 59 daAuts
